 Dungeon Crawl Stone Soup version 0.18.1-5-g4a78601 (webtiles) character file.

199 imganon the Ruffian (level 5, 0/41 HPs)
             Began as a Demonspawn Berserker on May 13, 2016.
             Was a Priest of Trog.
             Killed from afar by an orc wizard (2 damage)
             ... with a magic dart
             ... on level 4 of the Dungeon.
             The game lasted 00:05:10 (2964 turns).

imganon the Ruffian (Demonspawn Berserker)          Turns: 2964, Time: 00:05:10

Health: 0/41       AC: 10    Str: 18    XL:     5   Next: 48%
Magic:  0/5        EV:  5    Int:  8    God:    Trog [***...]
Gold:   188        SH:  0    Dex: 13    Spells: 0 memorised, 4 levels left

rFire  . . .     SeeInvis .       - Unarmed
rCold  . . .     Gourm    .     r - +0 plate armour
rNeg   . . .     Faith    .     (no shield)
rPois  .         Spirit   +     (helmet restricted)
rElec  .         Dismiss  .     (no cloak)
rCorr  .         Reflect  .     (no gloves)
SustAt .         Harm     .     (no boots)
MR     +....                    o - amulet of rage
Stlth  ..........               (no ring)
                                e - ring of protection from magic

@: somewhat resistant to hostile enchantments, extremely unstealthy
A: antennae 2, hooves 1, magic shield
a: Berserk, Trog's Hand, Burn Spellbooks, Renounce Religion, Evoke Berserk Rage


You were on level 4 of the Dungeon.
You worshipped Trog.
Trog was most pleased with you.
You were not hungry.

You visited 1 branch of the dungeon, and saw 4 of its levels.

You collected 188 gold pieces.

Inventory:

Armour
 r - a +0 plate armour (worn)
Jewellery
 e - a ring of protection from magic (left hand)
 o - an amulet of rage (around neck)
 x - an uncursed ring of sustain attributes {unknown}
Scrolls
 a - a scroll of immolation {unknown}
 g - 4 scrolls of magic mapping {unknown}
 i - 3 scrolls of identify {unknown}
 j - a scroll of blinking {unknown}
 k - a scroll of teleportation {unknown}
 q - a scroll of noise {unknown}
 t - a scroll of enchant armour {unknown}
 u - 2 scrolls of remove curse {unknown}
Potions
 b - a potion of cancellation {unknown}
 d - a potion of magic {unknown}
 h - a potion of ambrosia {unknown}
 n - a potion of flight {unknown}
 p - a potion of beneficial mutation {unknown}
 s - a potion of heal wounds {unknown}
 v - a potion of degeneration {unknown}
 w - a potion of invisibility {unknown}
 z - a potion of curing {unknown}
 A - a potion of cure mutation {unknown}
Comestibles
 c - 3 bread rations
 f - a meat ration
 l - 2 royal jellies
 m - 3 beef jerkies


   Skills:
 - Level 3.0 Fighting
   Level 3.8 Axes
 - Level 1.7 Armour
 - Level 1.7 Dodging
 + Level 4.0 Unarmed Combat


You had 4 spell levels left.
You didn't know any spells.

Dungeon Overview and Level Annotations

Branches:
Dungeon (4/15)
 Temple: D:4-7

Altars:
Pakellas


Innate Abilities, Weirdness & Mutations

You have a pair of antennae on your head.
You have large cloven feet.
When hurt, damage is shared between your health and your magic reserves.


Message History

The orc wizard casts a spell.
The orc wizard seems to speed up.
The giant frog hits you but does no damage.
Unknown command.
You hit the orc. Your kick misses the orc.
The orc is heavily wounded.
The orc barely misses you.
The giant frog hits you but does no damage.
You hit the orc.
You kill the orc!
Trog accepts your kill.
Your Unarmed Combat skill increases to level 4!
The orc wizard points at you and mumbles some strange words.
You resist with almost no effort. The giant frog hits you.
* * * LOW HITPOINT WARNING * * *
The giant frog hits you.
* * * LOW HITPOINT WARNING * * *
The orc wizard points at you and mumbles some strange words.
The magic dart hits you!
You die...

##..........
##.........(..
#.............
#..?.......... ####
#............. ...#####
#.............
..)....####.............
..†###..........F.......
#### #######...†@.......
# #.............
######## #.............
........ ......o........
#.......................
........................
........................
.....<.. ...............
........


You could see a giant frog and an orc wizard.

Vanquished Creatures
  A worker ant (D:3)
  3 gnolls (D:3)
  2 river rats (D:3)
  2 adders (D:3)
  3 oozes (D:3)
  5 worms
  2 dart slugs (D:1)
  2 giant geckos
  6 orcs
  A ball python (D:1)
  10 bats
  3 giant cockroaches
  5 goblins (D:3)
  3 hobgoblins
  6 giant newts
  10 kobolds
  12 rats
76 creatures vanquished.

Notes
Turn   | Place    | Note
--------------------------------------------------------------
     0 | D:1      | imganon the Demonspawn Berserker began the quest for the Orb.
     0 | D:1      | Reached XP level 1. HP: 18/18 MP: 1/1
   102 | D:1      | Gained mutation: You have large cloven feet. [demonic ancestry]
   102 | D:1      | Reached XP level 2. HP: 8/24 MP: 2/2
   829 | D:2      | Reached ** piety under Trog
   901 | D:2      | Gained mutation: You have a pair of small antennae on your head. [demonic ancestry]
   901 | D:2      | Reached XP level 3. HP: 20/29 MP: 3/3
  1614 | D:3      | Reached skill level 1 in Unarmed Combat
  1714 | D:3      | Found an oddly glowing altar of Pakellas.
  1947 | D:3      | Reached skill level 2 in Unarmed Combat
  1967 | D:3      | Gained mutation: You have a pair of antennae on your head. [demonic ancestry]
  1967 | D:3      | Reached XP level 4. HP: 22/35 MP: 4/4
  2366 | D:3      | Reached skill level 3 in Unarmed Combat
  2377 | D:3      | Gained mutation: When hurt, damage is shared between your health and your magic reserves. [demonic ancestry]
  2377 | D:3      | Reached XP level 5. HP: 9/41 MP: 5/5
  2736 | D:3      | Reached *** piety under Trog
  2963 | D:4      | Reached skill level 4 in Unarmed Combat
  2964 | D:4      | HP: 2/41 [giant frog (5)]
  2964 | D:4      | Killed from afar by an orc wizard

Skill      XL: |  1  2  3  4  5 |
---------------+----------------+-----
Axes           | 3 |  3.8
Unarmed Combat | 2 3 4 |  4.0
Fighting       | |  3.0
Armour         | |  1.7
Dodging        | |  1.7

Action                   |  1- 3 |  4- 6 || total
-------------------------+-------+-------++-------
Melee: Hand axe          |    77 |       ||    77
       Kick              |    76 |    43 ||   119
       Unarmed           |   182 |   153 ||   335
Invok: Berserk           |     4 |     1 ||     5
  Eat: Chunk             |     2 |     6 ||     8
       Bread ration      |     1 |       ||     1
Armor: Animal skin       |    10 |       ||    10
       Plate armour      |   171 |   139 ||   310
Dodge: Dodged            |   111 |    58 ||   169
